 Dungeon Crawl Stone Soup version 0.31-a0-858-g469dc525a8 (webtiles) character file.

Game seed: 4878455653519162140

34649 Revguard the Fighter (level 13, 0/87 HPs)
             Began as a Gargoyle Fighter on Oct 9, 2023.
             Was an Elder of Makhleb.
             Slain by a tengu warrior
             ... wielding a +2 great sword
              (15 damage)
             ... on level 14 of the Dungeon.
             The game lasted 00:44:35 (13179 turns).

Revguard the Fighter (Gargoyle Fighter)            Turns: 13179, Time: 00:44:35

Health: 0/87       AC: 27    Str: 21    XL:     13   Next: 78%
Magic:  19/19      EV:  8    Int:  9    God:    Makhleb [****..]
Gold:   40         SH:  8    Dex: 13    Spells: 12/12 levels left

rFire   . . .        a - +1 war axe (flame)
rCold   + + .        G - +2 buckler
rNeg    + . .        p - +2 plate armour {rC+}
rPois   ∞            (no helmet)
rElec   +            d - +0 cloak
rCorr   .            (no gloves)
SInv    .            (no boots)
Will    +....        E - amulet of Summer {+Inv Regen+ Stlth+} Stlth
                     k - ring of protection from cold
HPRegen 1.14/turn    A - ring of protection from cold
MPRegen 0.16/turn

%: no passive effects
@: studying Spellcasting, unable to drink
A: sickness immunity, AC +9, negative energy resistance 1, electricity
resistance, torment resistance 1, petrification resistance, strong-willed 1,
cold vulnerability 1, inability to drink after injury 1
a: Renounce Religion, Evoke Invisibility, Minor Destruction, Lesser Servant of
Makhleb, Major Destruction


You were on level 14 of the Dungeon.
You worshipped Makhleb.
Makhleb was greatly pleased with you.
You visited 2 branches of the dungeon, and saw 16 of its levels.

You collected 1005 gold pieces.
You spent 965 gold pieces at shops.

Inventory:

Hand Weapons
 a - a +1 war axe of flaming (weapon)
Armour
 d - a +0 cloak (worn)
 p - a +2 plate armour of cold resistance (worn)
 G - a +2 buckler (worn)
Jewellery
 b - the amulet "Jofirph" {Faith +Blink rElec rC-}
   (You took it off a gnoll on level 8 of the Dungeon)

   [amulet of faith]

   Faith:     It allows you to gain divine favour quickly.
   rC-:       It makes you vulnerable to cold.
   rElec:     It insulates you from electricity.
   +Blink:    It lets you blink.
 k - a ring of protection from cold (left hand)
 z - a +6 ring of strength
 A - a ring of protection from cold (right hand)
 B - a ring of fire
 D - a ring of ice
 E - the amulet of Summer (around neck) {+Inv Regen+ Stlth+}
   (You took it off a gnoll on level 8 of the Dungeon)

   [amulet of regeneration]

   +Inv:      It lets you turn invisible.
   Regen+:    It increases your rate of health regeneration.
   Stlth+:    It makes you more stealthy.
 H - a ring of magical power
 L - an amulet of reflection
Wands
 l - a wand of flame (48)
 o - a wand of digging (6)
 w - a wand of paralysis (19)
 x - a wand of mindburst (23)
 C - a wand of polymorph (9)
Scrolls
 e - 3 scrolls of vulnerability
 f - a scroll of brand weapon
 g - 2 scrolls of noise
 h - a scroll of silence
 i - 2 scrolls of revelation
 j - 2 scrolls of teleportation
 s - 4 scrolls of fog
 y - 3 scrolls of poison
 J - a scroll of immolation
 O - 3 scrolls of identify
Potions
 c - 3 potions of ambrosia
 q - a potion of enlightenment
 r - 3 potions of lignification
 t - 6 potions of curing
 u - 3 potions of brilliance
Miscellaneous
 F - a lightning rod (3/4)


   Skills:
 * Level 12.4 Fighting
 * Level 10.4 Axes
 + Level 9.6 Armour
 + Level 6.6 Dodging
 + Level 9.2 Shields
 + Level 8.5 Invocations
 + Level 7.1 Evocations


You had 12 spell levels left.
You didn't know any spells.
Your spell library contained the following spells:

 Spells                   Type           Power      Damage    Failure   Level
 Ensorcelled Hibernation  Hex/Ice        0%         N/A       100%        2
 Passwall                 Tmut/Erth      0%         N/A       100%        2
 Inner Flame              Hex/Fire       0%         N/A       100%        3
 Ozocubu's Armour         Ice            0%         N/A       100%        3
 Swiftness                Air            0%         N/A       100%        3
 Tukima's Dance           Hex            0%         N/A       100%        3
 Animate Dead             Necr           0%         N/A       100%        4
 Dimensional Bullseye     Hex/Tloc       0%         N/A       100%        4
 Iskenderun's Mystic Bla  Conj/Tloc      0%         2d3       100%        4
 Metabolic Englaciation   Hex/Ice        0%         N/A       100%        5
 Yara's Violent Unravell  Hex/Tmut       0%         3d3       100%        5
 Simulacrum               Ice/Necr       0%         N/A       100%        6
 Enfeeble                 Hex            0%         N/A       100%        7
 Haunt                    Necr/Summ      0%         N/A       100%        7
 Infestation              Necr           0%         N/A       100%        8


Dungeon Overview and Level Annotations

Branches:
Dungeon (15/15)            Temple (1/1) D:4            Lair (0/5) D:10
    Orc (0/2) D:11         Vaults (0/5) D:14
 Depths: D:15

Altars:
Ashenzari
Cheibriados
Dithmenos
Elyvilon
Fedhas
Gozag
Hepliaklqana
Kikubaaqudgha
Makhleb
Nemelex Xobeh
Okawaru
Qazlal
Ru
Sif Muna
Trog
Uskayaw
Vehumet
Wu Jian
Xom
Yredelemnul
Zin
The Shining One

Shops:
D:3 *   D:7 *   D:8 !   D:9 (

Annotations:
D:15 Rupert


Innate Abilities, Weirdness & Mutations

You are immune to sickness and miasma.
Your stone body is resilient. (AC +9)
You are immune to poison.
You resist negative energy. (rN+)
You are resistant to electric shocks. (rElec)
You are resistant to unholy torment.
You are immune to petrification.
You are strong-willed. (Will+)
You are vulnerable to cold. (rC-)
You occasionally lose the ability to drink potions when taking damage.


Message History

The tengu conjurer pecks your neqoxec but does no damage.
The tengu conjurer closely misses your neqoxec.
The orc knight roars a battlecry!
The tengu warrior hits you but does no damage.
The tengu warrior pecks you but does no damage.
The tengu warrior claws you but does no damage.
The tengu conjurer blocks your neqoxec's attack.
The orc shouts!
The one-headed hydra bites your neqoxec.
The tengu conjurer hits you. The tengu conjurer pecks you.
The tengu conjurer claws you but does no damage.
The tengu warrior hits your neqoxec with a +2 great sword!!
Your neqoxec dies!
Your neqoxec disappears in a puff of smoke!
There is a stone staircase leading up here.
The tengu warrior hits you with a +2 great sword.
You block the tengu warrior's attack.
The tengu warrior claws you but does no damage.
The one-headed hydra bites you but does no damage.
The tengu conjurer gestures at you while chanting.
The bolt of lightning hits you but does no damage.
The battlesphere fires!
The barrage of energy hits you!
You hear a shout!
You climb upwards.
The battlesphere dissipates.
There is a stone staircase leading down here.
A demon appears!
The tengu warrior hits you with a +2 great sword!
* * * LOW HITPOINT WARNING * * *
The tengu warrior pecks you but does no damage.
The tengu warrior claws you but does no damage.
The one-headed hydra bites you.
* * * LOW HITPOINT WARNING * * *
The tengu conjurer hits you but does no damage.
The tengu conjurer closely misses you. You block the tengu conjurer's attack.
You hit the one-headed hydra but do no damage.
The one-headed hydra is heavily wounded.
You miss the tengu warrior. You hit the tengu conjurer.
You burn the tengu conjurer.
The tengu warrior hits you with a +2 great sword!
You die...

######.............## ##
.# ###...####...##
######. .# ##...###...##
###....). .#
#.(........######.......(
.#
#########........###.....
########## #.)....###
##.... #........##
#.....## #...#
....##....# ##Q....#
#..## ..######..##
##@D....## #..##
..######...####..Q.....#
#...#
........##.....4.......##
#....
.....#####.#.######.....#
#...# #..###
#.#.#....#.##..# ##..#
#..# #...#'##.#.###.#
##.. ##.# ###...#[.#.#.#
#.## #..# ##.#
#.....#..#.#.# ##.## #.##
#..# ##...#4#∩.#.#.##
##.## #.#


You could see an one-headed hydra (ally target), a tengu warrior, a tengu
conjurer and a friendly orange demon (summoned).

Vanquished Creatures
  8 centaur warriors
  A boulder beetle (D:14)
  7 two-headed ogres
  2 skeletal warriors (D:12)
  A fire crab (shapeshifter) (D:14)
  A wizard (D:15)
  A lindwurm (D:14)
  Pikel (D:4)
  A deep elf pyromancer (D:14)
  2 cyclopes
  2 manticores
  7 ugly things
  A gargoyle (D:13)
  A cane toad (shapeshifter) (D:14)
  A rime drake (D:10)
  A komodo dragon (D:10)
  3 kobold demonologists
  A tengu conjurer (D:12)
  A guardian mummy (D:14)
  A polar bear (D:10)
  2 trolls
  The ghost of ouz the Insei, an amateur OpSh of Wu Jian (D:3)
  5 slime creatures (D:12)
  2 raiju (D:8)
  A spriggan (shapeshifter) (D:14)
  A vampire (D:12)
  2 shadows
  A wyvern (D:11)
  4 wraiths
  A steam dragon (D:9)
  A neqoxec (D:12)
  Grum (D:8)
  15 vampire mosquitoes
  4 water moccasins
  A swamp drake (shapeshifter) (D:14)
  8 ice beasts
  A black bear (D:6)
  An orc warrior (D:14)
  3 sky beasts
  4 ogres
  4 wolves (D:8)
  5 centaurs
  4 phantoms
  6 kobold brigands
  Blork the orc (D:6)
  4 gnoll sergeants
  3 bullfrogs
  4 scorpions
  4 wights (D:8)
  7 killer bees
  3 electric eels (D:8)
  9 howler monkeys
  2 quasits
  Crazy Yiuf (D:2)
  3 jellies
  4 orc priests
  A hound (D:5)
  2 gnoll boudas (D:8)
  2 sleepcaps (D:6)
  2 iguanas
  8 orc wizards
  6 adders
  24 gnolls
  2 shadow imps
  4 white imps
  3 ufetubi
  3 dart slugs
  27 orcs
  4 endoplasms
  A giant cockroach (D:4)
  13 goblins
  10 hobgoblins
  6 jackals
  31 kobolds
  3 quokkas
  9 ball pythons
  4 bats
  2 frilled lizards (D:1)
  5 rats
339 creatures vanquished.

Vanquished Creatures (collateral kills)
  The ghost of Heedrag the Insei, a novice DsSh of Qazlal (D:8)
  2 skeletal warriors (D:12)
  A deep troll (D:14)
  A deep elf pyromancer (D:13)
  A gargoyle (D:13)
  A slime creature (D:12)
  An orc warrior (D:15)
  4 centaurs (D:13)
  3 gnolls (D:8)
15 creatures vanquished.

Vanquished Creatures (others)
  A kobold (D:8)
1 creature vanquished.

Grand Total: 355 creatures vanquished

Notes
Turn   | Place    | Note
-------+----------+-------------------------------------------
     0 | D:1      | Revguard the Gargoyle Fighter began the quest for the Orb.
     0 | D:1      | Reached XP level 1. HP: 14/14 MP: 1/1
   160 | D:1      | Reached XP level 2. HP: 18/19 MP: 2/2
   888 | D:2      | Reached XP level 3. HP: 21/23 MP: 3/3
  1291 | D:2      | Reached skill level 1 in Invocations
  1575 | D:2      | Found a runed translucent door.
  1576 | D:2      | Noticed Crazy Yiuf
  1587 | D:2      | Killed Crazy Yiuf
  1588 | D:2      | Reached XP level 4. HP: 14/29 MP: 4/4
  1880 | D:2      | Reached skill level 1 in Dodging
  1995 | D:3      | Reached skill level 1 in Evocations
  2176 | D:3      | Found Ystoixt's Assorted Antiques.
  2181 | D:3      | Reached XP level 5. HP: 33/33 MP: 5/5
  2197 | D:3      | Reached skill level 4 in Fighting
  2242 | D:3      | Bought a scroll labelled MUMMIZ LIHA for 25 gold pieces
  2242 | D:3      | Bought a scroll labelled MUMMIZ LIHA for 25 gold pieces
  2244 | D:3      | Found a faded altar of an unknown god.
  2362 | D:3      | Found a transporter.
  2450 | D:3      | Noticed ouz's ghost (amateur OpSh)
  2450 | D:3      | Noticed an ogre
  2450 | D:3      | Identified the +6 great mace of Malaise {heavy, Fly}
  2450 | D:3      | Noticed an ogre
  2451 | D:3      | Found a transporter.
  2614 | D:4      | Found a staircase to the Ecumenical Temple.
  2629 | D:4      | Noticed a phantom
  2655 | D:4      | Killed a phantom
  2656 | D:4      | Reached XP level 6. HP: 37/38 MP: 7/7
  2685 | Temple   | Entered the Ecumenical Temple
  2737 | Temple   | Became a worshipper of Makhleb the Destroyer
  2833 | D:4      | Found a shimmering altar of Xom.
  2922 | D:4      | Noticed a +0 dagger
  2943 | D:4      | Noticed a +0 hand axe
  2944 | D:4      | Found a hide-covered altar of Uskayaw.
  3033 | D:4      | Noticed Pikel
  3073 | D:4      | Killed Pikel
  3074 | D:4      | Reached skill level 5 in Fighting
  3074 | D:4      | Reached XP level 7. HP: 4/44 MP: 7/9
  3511 | D:4      | Reached XP level 8. HP: 45/49 MP: 10/10
  3686 | D:4      | Found an ornate altar of the Wu Jian Council.
  4025 | D:5      | Entered Level 5 of the Dungeon
  4263 | D:5      | Reached * piety under Makhleb
  4455 | D:5      | Found a bloodstained altar of Trog.
  4656 | D:5      | Reached skill level 5 in Armour
  4868 | D:6      | Reached skill level 6 in Fighting
  5005 | D:6      | Reached skill level 5 in Shields
  5042 | D:6      | Reached skill level 5 in Axes
  5048 | D:6      | Noticed a wraith
  5062 | D:6      | Killed a wraith
  5063 | D:6      | Reached XP level 9. HP: 36/56 MP: 11/11
  5153 | D:6      | Noticed a troll
  5159 | D:6      | Killed a troll
  5472 | D:6      | Found a white marble altar of Elyvilon.
  5522 | D:6      | Found a snail-covered altar of Cheibriados.
  5535 | D:6      | Reached skill level 7 in Fighting
  5616 | D:6      | Noticed Blork the orc
  5623 | D:6      | Killed Blork the orc
  5709 | D:7      | Found Maegh's Assorted Antiques.
  5732 | D:7      | Reached ** piety under Makhleb
  5739 | D:7      | Bought a scroll of enchant armour for 195 gold pieces
  6100 | D:7      | Reached XP level 10. HP: 62/64 MP: 13/13
  6479 | D:3      | Killed ouz's ghost
  6645 | D:8      | Reached skill level 8 in Fighting
  6657 | D:8      | Reached skill level 5 in Invocations
  6828 | D:8      | Reached *** piety under Makhleb
  6961 | D:8      | Found Buddoudu's Distillery.
  6970 | D:8      | Bought a potion of heal wounds for 70 gold pieces
  7038 | D:8      | Identified the +2 spear of Onnatt {pain, rElec rN+}
  7081 | D:8      | Noticed Grum
  7086 | D:8      | Found a shimmering blue altar of Sif Muna.
  7217 | D:8      | Identified the amulet of Summer {+Inv Regen+ Stlth+}
  7224 | D:8      | Noticed Heedrag's ghost (novice DsSh)
  7243 | D:8      | Found a transporter.
  7243 | D:8      | Found a transporter.
  7260 | D:8      | Identified the amulet "Jofirph" {Faith +Blink rElec rC-}
  7359 | D:8      | Killed Heedrag's ghost
  7369 | D:8      | Killed Grum
  7372 | D:8      | Reached skill level 9 in Fighting
  7372 | D:8      | Reached XP level 11. HP: 42/71 MP: 15/15
  7645 | D:9      | Found a glowing silver altar of Zin.
  7670 | D:9      | Found an opulent altar of Gozag.
  7860 | D:9      | Noticed a two-headed ogre
  7874 | D:9      | Killed a two-headed ogre
  7994 | D:9      | Found Suinoam's Antique Weapon Shoppe.
  8136 | D:10     | Entered Level 10 of the Dungeon
  8146 | D:10     | Reached **** piety under Makhleb
  8230 | D:10     | Reached skill level 5 in Evocations
  8231 | D:10     | Found a staircase to the Lair.
  8570 | D:10     | Found a glowing golden altar of the Shining One.
  8743 | D:11     | Found a staircase to the Orcish Mines.
  8775 | D:11     | Reached skill level 5 in Dodging
  9014 | D:11     | Noticed a two-headed ogre
  9027 | D:11     | Killed a two-headed ogre
  9028 | D:11     | Reached skill level 10 in Fighting
  9077 | D:11     | Noticed a cyclops
  9085 | D:11     | Killed a cyclops
  9096 | D:11     | Noticed a two-headed ogre
  9106 | D:11     | Killed a two-headed ogre
  9195 | D:11     | Reached XP level 12. HP: 77/77 MP: 17/17
  9584 | D:12     | Gained mutation: You are frail. (-10% HP) [a neqoxec]
  9595 | D:12     | Gained mutation: You are vulnerable to cold. (rC-) [a
                  | neqoxec]
  9599 | D:12     | Gained mutation: You occasionally lose the ability to drink
                  | potions when taking damage. [a neqoxec]
  9600 | D:12     | Gained mutation: You sometimes lose the ability to drink
                  | potions when taking damage. [a neqoxec]
  9608 | D:12     | Lost mutation: You sometimes lose the ability to drink
                  | potions when taking damage. [potion of mutation]
  9608 | D:12     | Lost mutation: You are frail. (-10% HP) [potion of
                  | mutation]
  9608 | D:12     | Gained mutation: You are strong-willed. (Will+) [potion of
                  | mutation]
  9699 | D:12     | Found a sparkling altar of Nemelex Xobeh.
  9830 | D:12     | HP: 3/79 [skeletal warrior/+0 battleaxe (20)]
 10275 | D:13     | Noticed a centaur warrior
 10291 | D:13     | Killed a centaur warrior
 10292 | D:13     | Reached skill level 11 in Fighting
 10315 | D:13     | Noticed a centaur warrior
 10329 | D:13     | Killed a centaur warrior
 10350 | D:13     | Noticed a centaur warrior
 10720 | D:13     | Killed a centaur warrior
 10822 | D:13     | You fall into a shaft and drop 2 floors!
 10822 | D:15     | Entered Level 15 of the Dungeon
 10847 | D:15     | Noticed an ogre mage
 10847 | D:15     | Noticed a two-headed ogre
 10847 | D:15     | Noticed a two-headed ogre
 10847 | D:15     | Noticed a two-headed ogre
 10847 | D:15     | Noticed a two-headed ogre
 10847 | D:15     | Noticed a two-headed ogre
 10847 | D:15     | Noticed a two-headed ogre
 10909 | D:14     | Noticed a centaur warrior
 10933 | D:14     | Killed a centaur warrior
 10934 | D:14     | Reached XP level 13. HP: 47/84 MP: 18/18
 11336 | D:14     | Reached skill level 10 in Axes
 11408 | D:14     | Reached skill level 12 in Fighting
 11962 | D:14     | Found a gate to the Vaults.
 12221 | D:3      | Bought a runed plate armour for 650 gold pieces
 12780 | D:14     | Found a stormy altar of Qazlal.
 12933 | D:15     | Noticed Rupert
 13034 | D:14     | HP: 2/87 [two-headed ogre/+0 giant spiked club (12)]
 13179 | D:14     | Slain by a tengu warrior

Illustrated notes

Levels and vault maps discovered:
D:1:      lemuel_arrival_tunnels, layout_basic, interstate_on_off,
          chequers_serial_rivers_large_b
D:2:      layout_basic, uniq_crazy_yiuf_cottage
D:3:      layout_rooms, gammafunk_ghost_smash, serial_shops, shop,
          shapermc_ecumenical_altar_mp_vishouse
D:4:      layout_loops_corners, dancing_weapons_uskayaw, lemuel_doored_altar,
          nicolae_wu_jian_wuxing_cycle, temple_pool_b,
          hangedman_decor_clover_reticule, minmay_cut_off, uniq_pikel
D:5:      layout_basic, nicolae_overflow_hidden_temple, serial_demonic,
          serial_demonic_e, serial_demonic_f, serial_demonic_c, serial_demonic_g
D:6:      layout_rooms, lemuel_crystal_altar, kennysheep_slug_shrine,
          grunt_ministairs_13, minmay_three_doors, uniq_blork_the_orc
D:7:      layout_loops_ring, serial_shops, shop
D:8:      layout_cave_pools, led_sif_book, serial_shops,
          nicolae_shop_tiny_statue_garden, gammafunk_ghost_gnarly_gnolls,
          solitary_fountain, nicolae_have_a_lightning_rod
D:9:      layout_loops_ring, pdpol_temple_overflow_zin_treasury_gozag_greed,
          serial_shops, shop
D:10:     layout_cave_pools, nicolae_tso_swordbearing_angel,
          hellmonk_lair_entry_icy
D:11:     layout_gridville, orc_0_dummy
D:12:     kennysheep_demon_hangout, layout_stronghold,
          nemelex_spade_bored_becter
D:13:     layout_rooms
D:14:     layout_layer_cave, david_vaults_4, lemuel_coloured_pillars_altar
D:15:     gammafunk_depths_entry_grave, layout_gridville, grunt_qazlal_clouds,
          uniq_rupert
Temple:   minmay_temple_forest_path

Skill      XL: |  1  2  3  4  5  6  7  8  9 10 11 12 13 |
---------------+----------------------------------------+-----
Axes           | 2 3 4 5 6 7 8 9 10 | 10.4
Invocations    | 1 2 3 4 5 6 7 8 |  8.5
Dodging        | 1 2 3 4 5 6 |  6.6
Evocations     | 1 2 3 4 5 6 7 |  7.1
Fighting       | 4 5 6 7 9 10 11 12 | 12.4
Armour         | 4 5 6 7 8 9 |  9.6
Shields        | 4 5 6 7 8 9 |  9.2

Action                     |  1- 3 |  4- 6 |  7- 9 | 10-12 | 13-15 || total
---------------------------+-------+-------+-------+-------+-------++-------
  Melee: War axe           |   100 |   196 |   324 |   615 |   250 ||  1485
 Invoke: Lesser Servant of |       |       |       |    12 |     4 ||    16
         Minor Destruction |       |       |       |    21 |     3 ||    24
         Major Destruction |       |       |       |       |     1 ||     1
  Evoke: Wand              |       |       |       |    16 |     6 ||    22
         Lightning rod     |       |       |       |     3 |     5 ||     8
    Use: Potion            |     2 |     4 |     1 |     7 |     3 ||    17
         Scroll            |       |     6 |    13 |    10 |     2 ||    31
   Stab: Invisible         |       |     6 |       |       |       ||     6
         Paralysed         |       |       |       |     4 |       ||     4
         Sleeping          |       |       |       |     1 |     3 ||     4
         Distracted        |       |       |       |     1 |       ||     1
 Armour: Scale mail        |    78 |   194 |   147 |       |       ||   419
         Troll leather arm |       |       |   106 |   781 |   147 ||  1034
         Plate armour      |       |       |       |       |   112 ||   112
  Dodge: Dodged            |    58 |   108 |   171 |   543 |    96 ||   976
  Block: Buckler           |    25 |    56 |   105 |   343 |    97 ||   626

Table legend: (Time is in decaauts)
 A = Elapsed time spent in this place.
 B = Non-inter-level travel time spent in this place.
 C = Inter-level travel time spent in this place.
 D = Time resting spent in this place.
 E = Time spent auto-exploring this place.
 F = Levels seen in this place.
 G = Mean time per level.
                   A        B        C        D        E       F      G
               +--------+--------+--------+--------+--------+-----+--------+
         Total |  13566 |  12300 |   1266 |    726 |   7845 |  16 |  847.9 |
       Dungeon |  13474 |  12290 |   1184 |    726 |   7845 |  15 |  898.3 |
        Temple |     91 |      9 |     82 |      0 |      0 |   1 |   91.0 |
               +--------+--------+--------+--------+--------+-----+--------+

Top non-repeatable levels by time:
    D:14: 1630 daAuts
     D:4: 1490 daAuts
    D:12: 1166 daAuts
     D:2: 1093 daAuts
     D:6: 1004 daAuts
     D:5: 987 daAuts
     D:1: 940 daAuts
     D:8: 937 daAuts
     D:3: 773 daAuts
     D:7: 771 daAuts
    D:11: 741 daAuts
     D:9: 720 daAuts
    D:10: 628 daAuts
    D:13: 486 daAuts
    D:15: 103 daAuts
